 Dungeon Crawl Stone Soup version 0.30-a0-782-ge64f9170bb (webtiles) character file.

Game seed: 14252018142890370887

4071 theswoord the Cleaver (level 10, -9/67 HPs)
             Began as a Demonspawn Gladiator on Feb 23, 2023.
             Was a Priest of Makhleb.
             Mangled by a large slime creature (15 damage)
             ... on level 8 of the Dungeon.
             The game lasted 00:09:48 (7176 turns).

theswoord the Cleaver (Demonspawn Gladiator)        Turns: 7176, Time: 00:09:48

Health: -9/67      AC: 17    Str: 20    XL:     10   Next: 5%
Magic:  10/10      EV:  6    Int:  9    God:    Makhleb [***...]
Gold:   416        SH:  0    Dex: 20    Spells: 9/9 levels left

rFire   . . .      SeeInvis .    a - +1 war axe
rCold   . . .      Faith    .    (no shield)
rNeg    . . .      Spirit   .    k - +0 plate armour
rPois   .          Reflect  .    c - +1 helmet
rElec   .          Harm     +    r - scarf {harm}
rCorr   +          Rampage  .    m - +2 pair of gloves
Will    .....                    (no boots) Stlth
                                 (no amulet)
HPRegen 0.31/turn                f - +6 ring of dexterity
MPRegen 0.12/turn                l - ring of resist corrosion

@: hasted, very quick
A: slimy green scales 1, powered by death 1, powered by pain 1, demonic touch 2
a: Renounce Religion, Minor Destruction, Lesser Servant of Makhleb


You were on level 8 of the Dungeon.
You worshipped Makhleb.
Makhleb was most pleased with you.
You visited 1 branch of the dungeon, and saw 8 of its levels.

You collected 416 gold pieces.

Inventory:

Hand Weapons
 a - a +1 war axe (weapon)
 q - a +1 whip of pain
 w - a +1 hand axe of flaming
Missiles
 d - a throwing net (quivered)
 e - 7 javelins
Armour
 b - a +0 leather armour
 c - a +1 helmet (worn)
 k - a +0 plate armour (worn)
 m - a +2 pair of gloves (worn)
 r - a scarf of harm (worn)
 v - a +2 pair of gloves
 y - a +0 pair of boots
Jewellery
 f - a +6 ring of dexterity (left hand)
 l - a ring of resist corrosion (right hand)
 A - a ring of wizardry
Scrolls
 h - a scroll of magic mapping
 o - a scroll of enchant armour
 p - 5 scrolls of fear
 t - a scroll of identify
 B - a scroll of blinking
 C - 2 scrolls of teleportation
Potions
 j - 3 potions of flight
 n - 2 potions of attraction
 s - a potion of brilliance
 x - 2 potions of heal wounds
 z - 3 potions of curing


   Skills:
 - Level 2.0 Fighting
 + Level 13.5 Axes
 - Level 1.7 Throwing
 - Level 2.6 Dodging


You had 9 spell levels left.
You didn't know any spells.
Your spell library contained the following spells:

 Spells                   Type           Power      Damage    Failure   Level
 Dazzling Flash           Conj/Hex       0%         N/A       100%        3
 Summon Guardian Golem    Hex/Summ       0%         N/A       100%        3
 Olgreb's Toxic Radiance  Pois           0%         N/A       100%        4
 Agony                    Necr           0%         N/A       100%        5
 Silence                  Hex/Air        0%         N/A       100%        5
 Summon Forest            Summ/Tloc      0%         N/A       100%        5
 Summon Mana Viper        Hex/Summ       0%         N/A       100%        5
 Summon Cactus Giant      Summ           0%         N/A       100%        6


Dungeon Overview and Level Annotations

Branches:
Dungeon (8/15)             Temple (0/1) D:5
   Lair: D:8-11

Altars:
Cheibriados
Gozag
Makhleb
Okawaru
Trog
Uskayaw
Yredelemnul

Shops:
D:6 (


Innate Abilities, Weirdness & Mutations

You are partially covered in slimy green scales. (AC +2)
You regenerate a little health from kills.
You sometimes gain a little power by taking damage.
Your touch may inflict irresistible damage on your foes.


Message History

The water moccasin bites you but does no damage. x2
You hit the water moccasin but do no damage.
Your touch misses the water moccasin.
The water moccasin bites you but does no damage.
You hit the water moccasin.
You touch the water moccasin!
The water moccasin bites you but does no damage.
You slash the water moccasin!
You kill the water moccasin!
Makhleb accepts your kill.
No target in view!
No target in view!
Found a hand axe.
Found a book of Necromancy.
A slime creature comes into view.
Found a gnarled runed staff and a book of Lightning.
The slime creature quivers.
A slime creature is nearby!
A shadow comes into view.
The shadow moves out of view.
The shadow slips into darkness.
The shadow flickers and vanishes!
Deactivating autopickup; reactivate with Ctrl-A.
The slime creature barely misses you.
You slash the slime creature!
A slime creature comes into view.
The slime creature hits you.
You slash the slime creature! You hit the slime creature.
The slime creature hits you but does no damage.
Two slime creatures merge to form a large slime creature.
You slash the large slime creature! You slash the large slime creature!
You barely miss something.
The shadow strikes at you from the darkness!
Reactivating autopickup.
The large slime creature hits you!!
* * * LOW HITPOINT WARNING * * *
You feel yourself speed up. The shadow hits you.
* * * LOW HITPOINT WARNING * * *
The large slime creature hits you!
You die...

#.........#.........).....
#............#####..).)###
#............... ###))...)
#....#...####.:. #.)...#
###.....##.... ##..#..
#.##..#.... # #..##.
#.....#..# ..# #..# .
#.....#.W#..|.# #..###
#...#..@J..:?.. #..#
#...#...#.)..#. ...#
#...#...# ..## #.#.#...#
... ....##... ... #. #....
## ###... ####


You could see a large slime creature and a shadow.

Vanquished Creatures
  A gargoyle (D:8)
  The ghost of Notanamesir the Chopper, an amateur HOFi of Dithmenos (D:4)
  Sigmund (D:2)
  A shadow (D:7)
  A wyvern (D:7)
  Edmund (D:4)
  2 water moccasins
  An orc warrior (D:8)
  An ice beast (D:7)
  3 black bears
  3 sky beasts
  A centaur (D:6)
  3 ogres
  A phantom (D:5)
  A kobold brigand (D:6)
  A bullfrog (D:8)
  A gnoll sergeant (D:8)
  5 scorpions
  4 killer bees (D:8)
  2 howler monkeys (D:8)
  4 hounds
  A jelly (D:7)
  5 orc priests
  Terence (D:2)
  4 iguanas
  Natasha (twice) (D:2)
  6 orc wizards
  6 adders
  11 gnolls
  An ufetubus (D:6)
  2 worms (D:3)
  2 dart slugs
  30 orcs
  6 bats
  8 endoplasms
  2 giant cockroaches
  13 goblins
  8 hobgoblins
  2 jackals (D:1)
  4 quokkas
  6 ball pythons
  3 frilled lizards
  9 kobolds
  3 rats
174 creatures vanquished.

Vanquished Creatures (others)
  7 plants (D:5)
7 creatures vanquished.

Grand Total: 181 creatures vanquished

Notes
Turn   | Place    | Note
-------+----------+-------------------------------------------
     0 | D:1      | theswoord the Demonspawn Gladiator began the quest for the
                  | Orb.
     0 | D:1      | Reached XP level 1. HP: 16/16 MP: 1/1
   304 | D:1      | Reached skill level 3 in Axes
   503 | D:1      | Gained mutation: Your touch may inflict minor irresistible
                  | damage on your foes. [demonic ancestry]
   503 | D:1      | Reached XP level 2. HP: 22/22 MP: 2/2
  1296 | D:2      | Reached XP level 3. HP: 24/27 MP: 3/3
  1524 | D:2      | Noticed Sigmund
  1524 | D:2      | Noticed Natasha
  1531 | D:2      | Killed Sigmund
  1532 | D:2      | Reached skill level 5 in Axes
  1532 | D:2      | Gained mutation: Your touch may inflict irresistible damage
                  | on your foes. [demonic ancestry]
  1532 | D:2      | Reached XP level 4. HP: 6/33 MP: 4/4
  1532 | D:2      | Reached XP level 5. HP: 7/38 MP: 5/5
  1532 | D:2      | Killed Natasha
  1539 | D:2      | Noticed Natasha
  1544 | D:2      | Killed Natasha
  1545 | D:2      | Reached skill level 6 in Axes
  1721 | D:2      | Gained mutation: You regenerate a little health from kills.
                  | [demonic ancestry]
  1721 | D:2      | Reached XP level 6. HP: 32/44 MP: 6/6
  1833 | D:2      | Noticed Terence
  1847 | D:2      | Killed Terence
  2481 | D:3      | Found a faded altar of an unknown god.
  2489 | D:3      | Found a bloodstained altar of Trog.
  2493 | D:3      | Prayed at the altar of an unknown god.
  2493 | D:3      | Became a worshipper of Makhleb the Destroyer
  2493 | D:3      | Reached * piety under Makhleb
  2674 | D:3      | Reached skill level 7 in Axes
  2754 | D:3      | Found a faded altar of an unknown god.
  2925 | D:4      | Found a hide-covered altar of Uskayaw.
  2937 | D:4      | Found a snail-covered altar of Cheibriados.
  3076 | D:4      | Gained mutation: You sometimes gain a little power by
                  | taking damage. [demonic ancestry]
  3076 | D:4      | Reached XP level 7. HP: 46/50 MP: 7/7
  3149 | D:4      | Got Zicey's Compendium of the Queen Bee and the Swarm
  3273 | D:4      | Found a large runed translucent door.
  3274 | D:4      | Found a large runed translucent door.
  3288 | D:4      | Noticed Notanamesir's ghost (amateur HOFi)
  3375 | D:4      | Reached ** piety under Makhleb
  3389 | D:4      | Noticed Edmund
  3398 | D:4      | Killed Edmund
  3399 | D:4      | Reached skill level 8 in Axes
  3875 | D:4      | Killed Notanamesir's ghost
  3876 | D:4      | Reached skill level 9 in Axes
  3876 | D:4      | Reached XP level 8. HP: 33/56 MP: 8/8
  3979 | D:5      | Entered Level 5 of the Dungeon
  4115 | D:5      | Found an opulent altar of Gozag.
  4144 | D:5      | Found a staircase to the Ecumenical Temple.
  4436 | D:5      | Reached skill level 10 in Axes
  5006 | D:6      | Found Qiufasom's Weapon Shoppe.
  5086 | D:6      | Reached skill level 11 in Axes
  5131 | D:6      | Gained mutation: You are partially covered in slimy green
                  | scales. (AC +2) [demonic ancestry]
  5131 | D:6      | Reached XP level 9. HP: 35/61 MP: 9/9
  5661 | D:6      | Found a basalt altar of Yredelemnul.
  5663 | D:6      | Found an iron altar of Okawaru.
  6229 | D:7      | Reached skill level 12 in Axes
  6242 | D:7      | Reached *** piety under Makhleb
  6677 | D:8      | HP: 2/61 [orc warrior/+0 hand axe (8)]
  6786 | D:8      | Reached skill level 13 in Axes
  6904 | D:8      | Noticed a gargoyle
  6929 | D:8      | Killed a gargoyle
  7052 | D:8      | Reached XP level 10. HP: 51/67 MP: 10/10
  7176 | D:8      | Mangled by a large slime creature

Skill      XL: |  1  2  3  4  5  6  7  8  9 |
---------------+----------------------------+-----
Axes           | 3 5 6 7 9 11 13 | 13.5
Fighting       | |  2.0
Throwing       | |  1.7
Dodging        | |  2.6

Action                     |  1- 3 |  4- 6 |  7- 9 | 10-12 || total
---------------------------+-------+-------+-------+-------++-------
  Melee: War axe           |    67 |   112 |   283 |    15 ||   477
         Touch             |     4 |    19 |    43 |     3 ||    69
         Punch             |     1 |       |     4 |       ||     5
  Throw: Throwing net      |     1 |     1 |     2 |       ||     4
    Use: Scroll            |     5 |     5 |    10 |       ||    20
         Potion            |     1 |     2 |     6 |     1 ||    10
   Stab: Sleeping          |     1 |       |       |       ||     1
 Armour: Leather armour    |    11 |     4 |       |       ||    15
         Plate armour      |       |    59 |   193 |     7 ||   259
         Skin              |       |       |     5 |       ||     5
  Dodge: Dodged            |    41 |    36 |    80 |     4 ||   161

Levels and vault maps discovered:
D:1:      dpeg_cavernosity, layout_loops_ring, minmay_misc_feat_x
D:2:      kennysheep_the_goblin_king, layout_basic,
          chequers_serial_rivers_large_b, grunt_decor_fettered, uniq_sigmund,
          uniq_terence, uniq_natasha
D:3:      layout_loops_cross, nicolae_overflow_ecumenical_swirl,
          hellmonk_ecumenical_altar_crossroads
D:4:      layout_basic, mainiacjoe_overflow_large_starburst,
          ebering_ghost_disaster_area, uniq_edmund
D:5:      layout_loops_ring, mainiacjoe_overflow_six_doors_small,
          minmay_temple_entry_junction, serial_bayou, serial_bayou_lagoon_a,
          serial_bayou_pond_e, serial_bayou_pond_e, serial_bayou_shore_a
D:6:      layout_loops_cross, jmf_multi_god_temple, serial_shops,
          nicolae_shop_bloodbath_and_beyond
D:7:      layout_loops_ring
D:8:      layout_basic, lair_entry_dummy, minmay_radiant
